cohdb
Replays
Latest Replays
All Replays
Popular Replays
Top Player Replays
Match Explorer
How It Works
Community
CoH3 Stats
Reddit
Sign in to upload your games and track your stats! →
Sign in with Steam
Match 45957293
Unlisted
Match 45957293
Overview
Messages
Build Orders
End
Construct Infanterie Kompanie
Selects Terror Battlegroup
Grenadier Squad
MG 42 Machine Gun Team
Selects Machine Gun Camouflage
Grenadier Squad
Construct Panzergrenadier Kompanie
Panzergrenadier Squad
251 Medium Carrier
Selects Contempt for the Weak
Panzergrenadier Officer Quarters
Panzergrenadier Squad
Construct Panzer Kompanie
Selects Jericho Trumpet
Panzer IV Medium Tank
Jericho Trumpet
Panzergrenadier Squad
Panzer IV Medium Tank
Side Skirts
A2O
Sir Biggus
Quack
Decoy
Kampfstärke
Euan
TommeLee
Six
0
0
Comments
sign in to comment!
No comments posted yet!